Map: Станция Проксима РВ

Players

MiniPold

  • Race: Terran Terran
  • League: Diamond
  • Spawn Location: 1:00

FirstBee - Winner!

  • Race: Zerg Zerg
  • League: Diamond
  • Spawn Location: 7:00

VOD

Have the link to the VOD?

Description

Time

  • Played on: Feb. 6, 2017, 6:48 a.m.
  • Length: 44:12
Show
View Real Time Build Order
Export as new Build Order

MiniPold Terran 

Build Orders:  

Get SALT Encoding   

  12  0:01  SCV  
  13  0:14  SCV  
  14  0:20  Supply Depot  
  14  0:27  SCV  
  15  0:41  Barracks  
  15  0:44  SCV  
  15  0:48  Refinery  
  16  0:56  SCV  
  17  1:08  SCV  
  18  1:23  SCV  
  19  1:33  Marine  
  19  1:37  Command Center  
  20  1:42  Bunker  
  20  1:48  SCV  
  20  1:51  Marine  
  22  2:00  Supply Depot  
  22  2:09  Marine  
  22  2:12  Bunker  
  23  2:21  Factory  
  23  2:25  SCV  
  23  2:26  Marine  
  25  2:34  Supply Depot  
  25  2:54  SCV  
  26  3:03  Bunker  
  26  3:05  Factory Tech Lab  
  25  3:30  Siege Tank  
  25  3:33  SCV  
  29  3:35  Orbital Command  
  26  3:48  SCV  
  27  3:59  Command Center  
  27  4:04  Marine  
  27  4:09  Widow Mine  
  28  4:14  SCV  
  28  4:15  SCV  
  32  4:22  Marine  
  33  4:26  SCV  
  33  4:27  Supply Depot  
  33  4:29  SCV  
  34  4:38  SCV  
  35  4:48  Starport  
  34  5:01  SCV x2  
  34  5:02  Widow Mine  
  34  5:03  Marine  
  34  5:06  Supply Depot  
  39  5:12  SCV  
  39  5:13  SCV x2  
  42  5:21  Supply Depot, Marine  
  43  5:24  SCV  
  43  5:25  SCV x2  
  46  5:37  SCV  
  46  5:40  SCV x2  
  49  5:43  Refinery x2  
  49  5:44  Refinery  
  49  5:49  SCV  
  50  5:50  Marine  
  51  5:59  Cyclone  
  51  6:01  SCV  
  51  6:04  Liberator  
  55  6:08  Marine, SCV  
  55  6:10  Bunker  
  57  6:13  SCV  
  58  6:20  SCV  
  58  6:23  SCV  
  58  6:25  SCV  
  64  6:26  Marine  
  66  6:32  SCV  
  66  6:36  Orbital Command  
  66  6:37  SCV  
  67  6:49  SCV  
  68  6:55  Supply Depot  
  68  6:56  Supply Depot  
  68  6:58  Refinery, Armory  
  68  7:01  SCV  
  68  7:02  Armory  
  68  7:06  Armory  
  69  7:16  Siege Tank  
  69  7:21  SCV  
  73  7:23  Engineering Bay  
  73  7:24  SCV  
  73  7:25  SCV  
  73  7:27  Liberator  
  73  7:28  Supply Depot  
  75  7:30  Command Center  
  75  7:33  SCV  
  75  7:35  Factory  
  75  7:36  SCV  
  77  7:38  SCV  
  77  7:42  Bunker  
  78  7:45  SCV  
  78  7:49  SCV  
  78  7:50  SCV  
  84  7:53  Supply Depot  
  84  8:01  Terran Vehicle And Ship Armor Level 1, Terran Vehicle Weapons Level 1, Terran Ship Weapons Level 1  
  84  8:02  SCV  
  84  8:05  Missile Turret  
  85  8:07  Missile Turret  
  85  8:14  Thor  
  85  8:17  Missile Turret  
  91  8:21  SCV  
  91  8:24  Refinery, Supply Depot  
  93  8:27  SCV x2  
  93  8:33  SCV  
  95  8:35  Missile Turret  
  95  8:39  SCV x2  
  97  8:51  SCV x2, Fusion Core  
  99  8:58  Starport Tech Lab  
  99  9:01  Factory Reactor  
  99  9:05  SCV x2  
  98  9:17  SCV  
  98  9:19  Command Center  
  98  9:21  Planetary Fortress  
  99  9:29  SCV x2  
  101  9:37  Starport  
  101  9:38  Widow Mine x2  
  101  9:39  Thor, Supply Depot  
  101  9:41  SCV x2, Battlecruiser  
  119  9:46  Building Armor  
  119  9:49  Supply Depot  
  119  9:53  SCV x2  
  119  9:54  Missile Turret, Engineering Bay  
  119  9:57  SCV  
  122  10:05  SCV x2  
  124  10:09  Refinery, SCV  
  124  10:13  Terran Vehicle Weapons Level 2  
  124  10:14  Terran Vehicle And Ship Armor Level 2, Missile Turret  
  124  10:17  Refinery, SCV  
  124  10:34  Missile Turret  
  124  10:37  SCV  
  124  10:38  Missile Turret  
  124  10:39  Missile Turret  
  124  10:40  Starport Tech Lab, SCV  
  124  10:42  Thor  
  132  10:49  Hellbat x2, SCV, Battlecruiser  
  143  10:55  Missile Turret  
  143  10:58  Missile Turret  
  143  11:08  SCV  
  144  11:16  Supply Depot  
  144  11:17  Hellbat x2, Battlecruiser  
  154  11:18  Supply Depot x2  
  154  11:20  Terran Ship Weapons Level 2  
  154  11:26  Supply Depot  
  154  11:29  Planetary Fortress  
  154  11:38  Hellbat x3  
  160  11:47  Infernal Pre-Igniter  
  160  11:52  Supply Depot  
  160  11:59  Hellbat  
  162  12:05  Battlecruiser  
  162  12:06  Hellbat x2  
  172  12:12  Terran Infantry Weapons Level 1  
  172  12:13  Terran Infantry Armor Level 1  
  172  12:15  Supply Depot, Barracks Tech Lab  
  172  12:17  Command Center  
  172  12:24  Planetary Fortress  
  172  12:25  Barracks  
  172  12:38  Barracks  
  172  12:39  Sensor Tower  
  172  12:58  Missile Turret  
  172  13:04  Battlecruiser  
  178  13:05  SCV  
  178  13:06  Terran Vehicle Weapons Level 3  
  179  13:19  Weapon Refit  
  179  13:21  Barracks Tech Lab  
  179  13:23  Stimpack  
  179  13:29  Barracks x2  
  130  13:56  Battlecruiser  
  134  14:05  SCV  
  134  14:07  SCV  
  136  14:10  SCV  
  136  14:13  Battlecruiser  
  136  14:17  SCV, Terran Ship Weapons Level 3  
  143  14:20  Starport  
  144  14:24  Command Center  
  144  14:25  SCV  
  144  14:27  SCV  
  146  14:34  Refinery  
  146  14:37  SCV  
  147  14:39  SCV  
  147  14:43  Terran Infantry Armor Level 2, Terran Infantry Weapons Level 2  
  148  14:46  Missile Turret  
  148  14:47  Terran Vehicle And Ship Armor Level 3  
  148  14:48  Missile Turret x2  
  148  14:56  SCV x2  
  148  14:57  SCV  
  148  14:58  SCV  
  152  15:12  Barracks Reactor  
  152  15:13  Barracks Reactor  
  152  15:14  Refinery  
  152  15:17  Refinery  
  152  15:19  Barracks, Missile Turret  
  152  15:22  Barracks, Starport Tech Lab  
  152  15:25  Supply Depot  
  152  15:27  Refinery  
  152  15:31  Battlecruiser  
  152  15:32  Battlecruiser  
  164  15:37  Missile Turret  
  164  15:38  Planetary Fortress  
  164  15:39  Missile Turret  
  164  15:47  Barracks Reactor  
  164  15:48  SCV x2  
  166  15:51  Battlecruiser  
  166  15:54  Combat Shields  
  172  15:57  Concussive Shells  
  172  16:07  Barracks Reactor  
  172  16:09  Supply Depot  
  172  16:10  Barracks  
  172  16:15  Barracks Reactor  
  171  16:32  Marine x7  
  174  16:33  Marine  
  174  16:36  Battlecruiser  
  172  16:49  Marine  
  172  16:50  Marine x7  
  172  16:53  SCV  
  172  16:54  SCV  
  181  16:57  Command Center  
  181  17:01  Command Center  
  181  17:02  Battlecruiser x2  
  181  17:07  Marine  
  181  17:08  Marine  
  192  17:22  SCV x3  
  195  17:25  Marine x4  
  195  17:26  Marine  
  196  18:14  Command Center  
  196  18:15  Refinery  
  196  18:16  Missile Turret  
  196  18:17  Missile Turret  
  196  18:18  Medivac x2  
  200  18:34  Terran Infantry Weapons Level 3  
  200  18:37  Terran Infantry Armor Level 3  
  182  19:17  Marine x2  
  182  19:18  Marine  
  176  19:48  Marine  
  176  19:49  Marine x10  
  176  19:50  Marine  
  176  19:51  Medivac x3  
  192  20:06  Marine  
  192  20:07  Marine x2  
  195  20:23  Refinery  
  195  20:24  Missile Turret  
  195  20:25  Refinery, Missile Turret, SCV  
  195  20:28  Missile Turret  
  196  20:40  Refinery  
  196  20:44  Refinery  
  193  20:54  Missile Turret  
  193  20:56  Missile Turret  
  184  20:58  Missile Turret  
  184  21:14  Planetary Fortress  
  171  21:36  Marine  
  171  21:37  Marine x11  
  147  22:13  Hellion x2, Hellbat  
  153  22:16  Battlecruiser x3  
  171  22:23  Missile Turret  
  171  22:25  Missile Turret  
  171  22:26  Refinery  
  171  22:28  Refinery  
  171  22:33  Missile Turret  
  171  22:34  Hellion x2, Hellbat  
  145  22:55  Hellion  
  147  23:05  Hellion x7  
  147  23:10  Thor  
  153  23:14  Planetary Fortress  
  153  23:15  Refinery  
  153  23:20  Battlecruiser x2  
  153  23:21  Battlecruiser  
  171  23:42  Starport  
  171  23:44  Starport  
  157  24:24  Battlecruiser  
  157  24:25  SCV, Battlecruiser x2  
  174  24:32  Viking  
  174  24:33  Viking  
  178  24:45  Command Center  
  172  24:54  Command Center  
  172  24:59  SCV  
  172  25:02  Missile Turret, Viking  
  172  25:03  Viking  
  176  25:12  SCV  
  177  25:20  Refinery  
  177  25:22  Refinery  
  177  25:24  SCV  
  178  25:29  Battlecruiser x2  
  188  25:36  SCV  
  176  25:48  SCV  
  176  25:49  Missile Turret  
  177  25:50  Command Center  
  175  26:02  Viking, Battlecruiser  
  175  26:03  Viking  
  181  26:32  Viking  
  181  26:33  Battlecruiser  
  174  27:32  Raven  
  174  27:33  Raven  
  178  27:54  Orbital Command  
  164  28:26  SCV  
  165  28:32  Command Center  
  165  28:36  Command Center x2  
  165  28:38  SCV  
  130  28:49  Command Center  
  130  28:50  SCV  
  109  29:02  Battlecruiser  
  109  29:03  Battlecruiser x2  
  103  29:10  Marine x2  
  103  29:11  Marine x5  
  92  29:26  Viking x2  
  92  29:30  SCV  
  91  29:33  SCV  
  92  29:45  SCV  
  90  29:56  Viking x2  
  90  29:57  SCV  
  90  30:07  Viking, Battlecruiser x2  
  90  30:09  SCV  
  90  30:26  Viking x2  
  92  30:35  SCV  
  93  30:47  SCV  
  88  30:51  SCV  
  89  31:00  SCV  
  89  31:02  Battlecruiser  
  96  31:05  Viking x2  
  105  31:11  Battlecruiser  
  95  31:50  Battlecruiser  
  97  31:56  Refinery  
  97  31:57  Orbital Command x2  
  97  32:07  Battlecruiser  
  101  32:22  Refinery x2  
  101  32:29  SCV x3  
  105  32:30  SCV x3  
  107  32:39  Missile Turret  
  107  32:41  SCV x3  
  107  32:42  SCV x3  
  113  32:50  Missile Turret  
  113  32:53  SCV  
  114  33:01  Viking  
  114  33:03  Marine x2  
  114  33:04  Marine x5  
  114  33:05  Marine x2  
  78  34:10  Marine x2  
  78  34:11  Marine x7  
  54  34:47  Marine x4  
  54  34:48  Marine  
  54  34:50  SCV  
  59  35:02  SCV  
  59  35:06  Marine x5  
  59  35:07  Marine x5  
  70  35:24  Marine x4  
  70  35:26  Refinery  
  70  35:27  Refinery  
  74  35:43  Marine x3  
  74  35:44  Marine x5  
  74  35:46  SCV  
  74  35:49  SCV  
  85  35:50  SCV  
  85  35:58  SCV  
  85  36:01  SCV  
  85  36:02  SCV  
  88  36:10  SCV  
  89  36:14  SCV x2  
  86  36:39  SCV x3  
  89  36:43  Bunker  
  89  36:51  SCV x3  
  52  39:04  Marine x7  
  52  39:05  Marine x3  
  62  39:21  Marine  
  57  39:25  Orbital Command  
  42  39:43  Marine x3  
  42  39:44  Marine x3  
  38  40:15  Command Center  
  38  40:16  Command Center  
  36  40:28  Raven  
  19  41:48  Marine x5  
  22  42:18  Marauder  
  22  42:19  Marauder  
  26  42:53  SCV  
  23  43:34  SCV  
  24  43:46  SCV  
  19  44:03  Missile Turret  
Show
View Real Time Build Order
Export as new Build Order

FirstBee Zerg - Winner!

Build Orders: Hatch First, Muta Ling Bane 

Get SALT Encoding   

  12  0:02  Drone  
  13  0:13  Overlord  
  13  0:24  Drone  
  14  0:33  Drone x2  
  16  0:36  Drone  
  17  0:57  Hatchery  
  17  0:59  Drone  
  17  1:10  Spawning Pool  
  16  1:14  Drone  
  16  1:16  Drone  
  18  1:21  Drone  
  19  1:25  Extractor  
  19  1:30  Drone  
  19  1:43  Drone  
  20  1:52  Overlord  
  20  1:59  Queen  
  22  2:09  Queen  
  22  2:13  Zergling x4, Spine Crawler  
  22  2:14  Zergling x2  
  26  2:22  Roach Warren  
  25  2:26  Drone  
  26  2:49  Spine Crawler  
  25  3:02  Roach  
  25  3:03  Roach x2  
  25  3:04  Roach x2  
  33  3:32  Metabolic Boost  
  33  3:37  Hatchery  
  32  3:45  Overlord  
  32  4:04  Hatchery  
  32  4:05  Drone x3  
  32  4:13  Ravager  
  33  4:17  Drone  
  33  4:18  Drone x2  
  36  4:34  Ravager  
  37  4:39  Overlord  
  37  4:48  Queen  
  39  4:58  Drone x2  
  39  4:59  Drone  
  42  5:02  Queen  
  42  5:06  Drone x3  
  47  5:20  Ravager  
  48  5:26  Queen  
  50  5:33  Drone x7  
  57  5:39  Overlord  
  57  5:48  Overlord  
  57  5:59  Ravager x2  
  59  6:10  Drone  
  62  6:11  Drone x8  
  68  6:23  Zergling x2  
  68  6:24  Zergling x4  
  71  6:29  Extractor  
  71  6:32  Lair  
  70  6:51  Overlord x3, Drone x3  
  73  6:54  Extractor  
  73  7:00  Extractor  
  71  7:03  Evolution Chamber  
  71  7:05  Evolution Chamber  
  69  7:09  Overlord x2  
  69  7:10  Drone x4  
  69  7:11  Drone x5  
  78  7:18  Overlord x2  
  78  7:25  Drone  
  79  7:32  Zerg Melee Weapons Level 1  
  79  7:33  Zerg Ground Armor Level 1  
  79  7:34  Spore Crawler  
  78  7:41  Spore Crawler, Spine Crawler  
  76  7:46  Spine Crawler  
  75  7:54  Drone x2, Spire  
  76  7:58  Baneling Nest  
  76  8:00  Extractor  
  76  8:02  Extractor  
  76  8:03  Drone  
  76  8:04  Drone x4  
  76  8:05  Drone x3  
  80  8:06  Drone x5  
  86  8:13  Hatchery  
  86  8:18  Spore Crawler  
  84  8:22  Spore Crawler  
  84  8:25  Drone x6  
  88  8:44  Drone  
  89  8:53  Overlord x2  
  89  9:06  Centrifical Hooks  
  89  9:07  Zerg Flyer Weapons Level 1  
  89  9:08  Mutalisk x7  
  103  9:10  Mutalisk  
  103  9:13  Zergling x12  
  103  9:16  Extractor  
  110  9:17  Extractor  
  109  9:28  Zerg Ground Armor Level 2  
  109  9:30  Queen  
  111  9:31  Drone  
  111  9:32  Drone x4  
  111  9:33  Drone  
  111  9:38  Zerg Melee Weapons Level 2  
  117  9:40  Baneling x4  
  117  9:41  Baneling  
  117  9:42  Drone x3  
  117  9:43  Drone x3  
  123  9:46  Zergling x10  
  123  9:49  Overlord  
  128  9:55  Zergling x12  
  128  9:57  Baneling x4  
  134  10:00  Baneling x2  
  134  10:01  Baneling x5  
  132  10:24  Infestation Pit  
  132  10:27  Pneumatized Carapace  
  131  10:28  Overseer, Spire  
  131  10:30  Overseer  
  131  10:33  Drone  
  131  10:34  Drone x7  
  138  10:40  Drone  
  139  10:50  Hatchery  
  139  10:51  Roach x7  
  142  11:15  Hive  
  142  11:17  Zerg Flyer Armor Level 1  
  142  11:23  Drone x7  
  142  11:24  Drone  
  150  11:25  Overlord x2  
  150  11:26  Overlord x2  
  150  11:27  Pathogen Glands  
  150  11:42  Spore Crawler  
  150  11:45  Spore Crawler, Spine Crawler  
  150  11:46  Drone x2  
  150  11:47  Spine Crawler, Drone x2  
  150  12:00  Extractor  
  149  12:02  Extractor  
  149  12:07  Queen  
  150  12:13  Roach  
  150  12:14  Roach x18  
  188  12:17  Ravager  
  188  12:22  Zerg Missile Weapons Level 1  
  185  12:24  Neural Parasite  
  185  12:25  Overlord  
  185  12:26  Overlord x2  
  185  12:28  Ravager x3  
  185  12:29  Ravager  
  189  12:33  Greater Spire  
  189  12:34  Zerg Ground Armor Level 3  
  188  12:52  Spine Crawler x2  
  188  12:53  Spine Crawler  
  188  12:56  Spore Crawler  
  188  12:57  Spore Crawler  
  183  12:58  Corruptor x3  
  187  13:16  Zerg Flyer Weapons Level 2  
  187  13:27  Corruptor x6  
  187  13:31  Hatchery  
  187  13:32  Burrow  
  149  14:04  Drone x7  
  149  14:05  Drone  
  149  14:07  Queen  
  159  14:15  Glial Reconstitution  
  159  14:17  Zerg Flyer Armor Level 2  
  159  14:21  Zerg Melee Weapons Level 3  
  159  14:22  Corruptor x5  
  159  14:23  Corruptor x3  
  175  14:26  Infestor  
  175  14:27  Infestor x3  
  175  14:29  Extractor  
  182  14:31  Extractor  
  181  14:44  Queen  
  183  15:00  Overlord x2  
  183  15:07  Overlord x2  
  183  15:12  Hatchery, Extractor  
  181  15:14  Extractor  
  181  15:15  Brood Lord  
  181  15:16  Brood Lord x2  
  181  15:17  Brood Lord  
  181  15:18  Infestor x3  
  181  15:20  Drone  
  181  15:21  Drone x2  
  196  15:22  Drone x3  
  200  15:39  Zerg Flyer Weapons Level 3  
  182  16:32  Infestor  
  182  16:38  Corruptor x2  
  182  16:39  Corruptor x6  
  188  16:57  Corruptor x6  
  200  17:30  Spore Crawler  
  168  18:10  Corruptor  
  168  18:11  Corruptor x7  
  181  18:13  Infestor x5  
  181  18:14  Infestor x3  
  181  18:16  Corruptor  
  199  18:31  Zergling x2  
  200  18:50  Zerg Flyer Armor Level 3  
  200  18:52  Zerg Missile Weapons Level 2  
  200  18:58  Hatchery  
  183  19:04  Infestor x2  
  183  19:05  Infestor x6  
  182  19:21  Drone x11  
  180  19:26  Zergling x24  
  180  19:27  Zergling x12  
  185  19:41  Ultralisk Cavern  
  183  20:10  Queen  
  185  20:16  Overlord  
  185  20:20  Corruptor x5  
  185  20:21  Corruptor x2  
  195  20:23  Adrenal Glands, Extractor  
  198  20:32  Corruptor  
  164  21:05  Spine Crawler x2  
  164  21:06  Spine Crawler  
  164  21:07  Spine Crawler x3  
  146  21:45  Drone x7  
  146  21:46  Drone  
  159  21:47  Ultralisk x6  
  159  21:48  Ultralisk  
  159  21:52  Zergling x12  
  198  22:15  Extractor  
  197  22:19  Chitinous Plating  
  197  22:24  Hatchery, Brood Lord  
  197  22:27  Extractor  
  197  22:28  Extractor  
  173  23:00  Brood Lord x8  
  189  23:06  Hatchery  
  189  23:08  Extractor  
  187  23:46  Corruptor x5  
  187  23:48  Zergling x6  
  199  24:59  Overlord  
  199  25:00  Overlord x2  
  199  25:02  Overseer  
  199  25:05  Overseer  
  199  25:06  Overseer x2  
  197  25:14  Spine Crawler x2  
  187  25:41  Spine Crawler  
  187  25:42  Spine Crawler  
  179  25:44  Drone x2  
  180  26:08  Queen  
  182  26:14  Spine Crawler  
  178  26:57  Overlord x2  
  178  26:58  Overlord x2  
  160  27:34  Infestor x5  
  160  27:35  Infestor x5  
  178  27:54  Drone x2  
  178  27:55  Drone x8  
  178  27:56  Drone x6  
  200  27:58  Ultralisk  
  198  28:25  Drone x2  
  178  28:54  Hatchery  
  155  29:23  Corruptor x4  
  155  29:24  Corruptor x5  
  159  29:27  Brood Lord x2  
  171  30:53  Drone, Extractor  
  171  30:54  Drone x3  
  171  30:55  Drone  
  175  31:23  Zergling x26  
  175  31:24  Zergling x16  
  196  31:29  Hatchery  
  196  31:31  Queen  
  188  31:58  Spine Crawler  
  187  32:01  Spine Crawler  
  187  32:03  Spine Crawler  
  185  32:08  Spine Crawler  
  184  32:36  Extractor  
  183  32:40  Extractor  
  182  33:19  Corruptor x2  
  179  33:20  Corruptor x3  
  68  34:49  Infestor x4  
  68  34:50  Infestor x3  
  68  34:51  Infestor  
  68  34:52  Infestor  
  66  35:08  Corruptor  
  66  35:09  Zergling x6  
  66  35:10  Zergling x12  
  77  35:25  Corruptor  
  71  35:33  Hatchery  
  70  35:42  Drone x2  
  72  35:43  Corruptor, Drone  
  68  36:20  Corruptor  
  68  36:21  Corruptor  
  68  36:23  Zergling x8  
  68  36:24  Zergling x2  
  76  36:46  Corruptor  
  78  36:47  Zergling x6  
  78  36:48  Zergling x4  
  78  36:51  Drone  
  84  36:54  Drone  
  84  37:00  Drone  
  84  37:01  Drone  
  62  38:48  Corruptor x2  
  61  38:50  Drone x5  
  61  38:51  Drone x3  
  61  38:55  Zergling x20  
  73  40:09  Hatchery  
  66  40:30  Zergling x16  
  63  42:23  Extractor, Queen  
  63  42:24  Drone x4  
  63  42:25  Extractor, Drone x7  
  71  43:42  Hatchery  
Tags
 
Add a new tag
Caveats
  • Supply blocks, unpowered buildings, or Contaminate may cause inaccurate times.
  • Supply counts are checked every 10 seconds.